 Dungeon Crawl Stone Soup version 0.27-a0-909-g0721f309d1 (webtiles) character file.

Game seed: 174153830481654086

1439 robertstho the Covered (level 8, -3/59 HPs)
             Began as a Deep Dwarf Fighter on Apr 8, 2021.
             Collided with a metal wall (13 damage)
             ... caused by a wretched star
             ... on level 2 of the Abyss.
             The game lasted 00:08:12 (4332 turns).

robertstho the Covered (Deep Dwarf Fighter)         Turns: 4332, Time: 00:08:15

Health: -3/59      AC: 11    Str: 22    XL:     8   Next: 45%
Magic:  5/5        EV:  6    Int:  9    God:
Gold:   211        SH: 10    Dex:  8    Spells: 7/7 levels left

rFire    . . .     SeeInvis .   a - +0 war axe (protect)
rCold    . . .     Faith    .   c - +0 kite shield
rNeg     . . .     Spirit   .   q - +0 chain mail
rPois    .         Reflect  .   d - +0 helmet
rElec    .         Harm     .   j - +2 cloak
rCorr    +         Rampage  .   (no gloves)
Will     +....                  (no boots)
Stlth    ..........             (no amulet)
HPRegen  0.00/turn              m - ring of resist corrosion
MPRegen  0.09/turn              (no ring)

@: unable to read, non-regenerating
A: damage resistance, heal wounds, sense surroundings 1, no regeneration,
[clumsy 2], [deformed body], [frail 2], [subdued magic 3], [inability to read
while threatened]
a: Heal Wounds


You were on level 2 of the Abyss.
You visited 1 branch of the dungeon, and saw 6 of its levels.
You visited the Abyss 1 time.
You also visited: Ossuary.

You collected 211 gold pieces.

Inventory:

Hand Weapons
 a - a +0 war axe of protection (weapon)
Missiles
 o - 2 boomerangs of dispersal
Armour
 c - a +0 kite shield (worn)
 d - a +0 helmet (worn)
 j - a +2 cloak (worn)
 q - a +0 chain mail (worn)
Jewellery
 m - a ring of resist corrosion (left hand)
 B - a ring of magical power
Scrolls
 e - a scroll of summoning
 f - 2 scrolls of teleportation
 l - 2 scrolls of enchant armour {unknown}
 n - a scroll of silence {unknown}
 r - a scroll of fear {unknown}
 s - 2 scrolls of noise {unknown}
 y - a scroll of vulnerability {unknown}
Potions
 b - 2 potions of degeneration {unknown}
 g - 2 potions of magic
 h - 3 potions of brilliance {unknown}
 i - 3 potions of attraction {unknown}
 k - a potion of heal wounds
 p - a potion of flight {unknown}
 t - a potion of berserk rage {unknown}
 u - 3 potions of mutation {unknown}
 v - 3 potions of curing
 w - a potion of lignification {unknown}
 z - a potion of cancellation {unknown}


   Skills:
 * Level 5.0 Fighting
 + Level 6.8 Axes
 * Level 7.1 Armour
 + Level 2.0 Dodging
 + Level 5.4 Shields
 + Level 0.4 Evocations


You had 7 spell levels left.
You didn't know any spells.
Your spell library was empty.

Dungeon Overview and Level Annotations

Branches:
Dungeon (6/15)            Ossuary (visited)
 Temple: D:4-7

Altars:
Dithmenos
Nemelex Xobeh
Trog
Yredelemnul

Annotations:
D:3 1 runed translucent door
D:5 Prince Ribbit


Innate Abilities, Weirdness & Mutations

You are resistant to damage.
You can heal yourself by infusing magical energy.
You passively map a small area around you.
You do not regenerate.
[You are very clumsy. (Dex -4)]
[Armour fits poorly on your strangely shaped body.]
[You are very frail. (-20% HP)]
[Your spells are much easier to cast, but much less powerful.]
[You sometimes lose the ability to read scrolls when taking damage.]


Message History

The wretched star pulses with an eldritch light!
Your body twists and deforms.
The hellwing swoops through the air toward you!
The hellwing barely misses you.
The hellwing hits you but does no damage.
You hit the hellwing but do no damage.
Your weapon exudes an aura of protection.
The hellwing barely misses you. The hellwing hits you! The hellwing hits you.
The hellwing hits you but does no damage.
A demonic crawler comes into view.
The hellwing hits you!
You feel threatened and lose the ability to read scrolls!
The hellwing hits you.
* * * LOW HITPOINT WARNING * * *
The wretched star pulses with an eldritch light!
You feel frail. x2
The hellwing hits you!
* * * LOW HITPOINT WARNING * * *
You block the hellwing's attack.
The wretched star pulses with an eldritch light!
Your connection to magic feels nearly dormant.
You feel much better.
The demonic crawler gives a hideous shriek!
The hellwing hits you! The hellwing hits you.
You fail to use your ability.
You can read scrolls again.
The hellwing swoops through the air toward you!
The hellwing barely misses you. The hellwing hits you! x2
You feel threatened and lose the ability to read scrolls!
You block the hellwing's attack.
The wretched star pulses with an eldritch light!
You feel clumsy. x2
You can read scrolls again.
The wretched star glows turbulently.
The lance of force hits you!
You feel threatened and lose the ability to read scrolls!
* * * LOW HITPOINT WARNING * * *
You are knocked back by the lance of force.
You slam into the metal wall!
You die...

#....#..###..##
#.. .#.##.#...#
#.##...#..#.#.#
..# #..##......##
#. #.#...#.....###
#.
#..#.s4*#4....#...
##..#4##.##....#
#...s##......#...
##... ##.#@..# .#
#.... #...##..#
#..s#..##. ##
...... ##. #.#.. .
..


You could see a wretched star and a hellwing.

Vanquished Creatures
  Grinder (D:6)
  An ice beast (D:5)
  An ogre (D:6)
  A phantom (D:5)
  Blork the orc (D:5)
  5 scorpions
  A wyvern skeleton (D:5)
  2 howler monkeys (D:4)
  A bullfrog zombie (D:6)
  A centaur zombie (Ossuary)
  3 hounds
  A human zombie (Ossuary)
  2 iguanas
  2 mummies (Ossuary)
  Robin (D:3)
  A howler monkey zombie (D:6)
  6 gnolls (D:4)
  4 adders
  2 ufetubi (D:4)
  An adder skeleton (D:4)
  An adder zombie (Ossuary)
  2 worms (D:2)
  12 orcs
  2 ball pythons
  6 bats
  6 endoplasms
  3 giant cockroaches
  13 goblins
  7 hobgoblins
  5 jackals (D:1)
  6 kobolds
  5 quokkas
  3 goblin zombies (Ossuary)
  11 hobgoblin zombies (Ossuary)
  4 jackal zombies (Ossuary)
  7 kobold zombies
  9 orc zombies (Ossuary)
  3 rats (D:1)
143 creatures vanquished.

Notes
Turn   | Place    | Note
-------+----------+-------------------------------------------
     0 | D:1      | robertstho the Deep Dwarf Fighter began the quest for the
                  | Orb.
     0 | D:1      | Reached XP level 1. HP: 20/20 MP: 1/1
    88 | D:1      | Reached XP level 2. HP: 27/27 MP: 2/2
   594 | D:1      | Reached XP level 3. HP: 22/34 MP: 3/3
   602 | D:1      | Reached skill level 4 in Armour
  1117 | D:3      | Reached XP level 4. HP: 35/42 MP: 4/4
  1136 | D:3      | Noticed Robin
  1148 | D:3      | Killed Robin
  1457 | D:3      | Found a runed translucent door.
  1457 | D:3      | Noticed a human
  1459 | D:3      | Found a basalt altar of Yredelemnul.
  1567 | D:3      | Found a shadowy altar of Dithmenos.
  1969 | D:4      | Noticed a scorpion
  1981 | D:4      | Killed a scorpion
  1982 | D:4      | Reached XP level 5. HP: 36/49 MP: 4/4
  2030 | D:4      | Reached skill level 1 in Dodging
  2056 | D:4      | Reached XP level 6. HP: 28/57 MP: 5/5
  2206 | D:4      | Reached skill level 5 in Armour
  2946 | D:5      | Entered Level 5 of the Dungeon
  3042 | D:5      | Noticed an ice beast
  3065 | D:5      | Killed an ice beast
  3075 | D:5      | Found a sand-covered staircase.
  3094 | Ossuary  | Entered an ossuary
  3228 | Ossuary  | Reached XP level 7. HP: 42/64 MP: 5/5
  3247 | Ossuary  | Reached skill level 5 in Axes
  3391 | D:5      | Noticed Prince Ribbit
  3518 | D:5      | Noticed Blork the orc
  3526 | D:5      | Killed Blork the orc
  3705 | D:5      | Reached skill level 6 in Armour
  3705 | D:5      | Reached skill level 5 in Shields
  3828 | D:5      | Found a sparkling altar of Nemelex Xobeh.
  3891 | D:5      | Reached XP level 8. HP: 50/73 MP: 6/6
  4031 | D:6      | Found a bloodstained altar of Trog.
  4070 | D:6      | Noticed Grinder
  4074 | D:6      | Paralysed by Grinder for 7 turns
  4083 | D:6      | Paralysed by Grinder for 2 turns
  4093 | D:6      | Paralysed by Grinder for 2 turns
  4097 | D:6      | Killed Grinder
  4156 | D:6      | Reached skill level 5 in Fighting
  4189 | D:6      | Reached skill level 7 in Armour
  4195 | D:6      | Cast into level 2 of the Abyss (orc warrior)
  4245 | Abyss:2  | Found a shimmering blue altar of Sif Muna.
  4259 | Abyss:2  | Noticed a hellion
  4302 | Abyss:2  | Noticed a hellwing
  4302 | Abyss:2  | Noticed a hellwing
  4302 | Abyss:2  | Noticed a hellwing
  4322 | Abyss:2  | Noticed a wretched star
  4325 | Abyss:2  | Noticed a demonic crawler
  4332 | Abyss:2  | Collided with a metal wall

Illustrated notes

Levels and vault maps discovered:
D:1:      lightli_arrival_quake, layout_basic, corexii_hall_statues_l,
          grunt_decor_cap
D:2:      layout_basic
D:3:      layout_loops_ring, dk_yredelemnul_ordeal, lemuel_round_altar,
          hangedman_decor_push, palyth_stone_intersect,
          chequers_serial_rivers_micro_b, uniq_robin
D:4:      layout_loops_corners
D:5:      layout_gridville, nicolae_overflow_hidden_temple, enter_ossuary_1,
          uniq_blork_the_orc, uniq_prince_ribbit1
D:6:      layout_loops_ring, amcnicky_altar_gilded, lemuel_crystal_altar,
          lemuel_coloured_pillars_altar, lemuel_doored_altar, uniq_grinder
Abyss:2:  base: Temple, evilmike_abyss_exit_vortex, evilmike_abyss_exit_vortex,
          evilmike_abyss_exit_chaos, hangedman_abyss_lost_library

Skill      XL: |  1  2  3  4  5  6  7  8 |
---------------+-------------------------+-----
Fighting       | 3 4 5 |  5.0
Armour         | 4 5 6 7 |  7.1
Axes           | 3 4 6 |  6.8
Shields        | 4 5 |  5.4
Dodging        | 1 2 |  2.0
Evocations     | |  0.4

Action                   |  1- 3 |  4- 6 |  7- 9 || total
-------------------------+-------+-------+-------++-------
Melee: War axe           |   139 |   199 |   161 ||   499
 Abil: Heal Wounds       |     2 |     2 |    11 ||    15
Evoke: Wand              |       |       |     4 ||     4
  Use: Scroll            |       |     4 |     4 ||     8
       Potion            |       |     1 |     2 ||     3
Armor: Scale mail        |    68 |    26 |       ||    94
       Chain mail        |       |    88 |    86 ||   174
Dodge: Dodged            |    59 |    60 |    36 ||   155
Block: Kite shield       |    82 |   119 |   104 ||   305

Table legend: (Time is in decaauts)
 A = Elapsed time spent in this place.
 B = Non-inter-level travel time spent in this place.
 C = Inter-level travel time spent in this place.
 D = Time resting spent in this place.
 E = Time spent auto-exploring this place.
 F = Levels seen in this place.
 G = Mean time per level.
                   A        B        C        D        E       F      G
               +--------+--------+--------+--------+--------+-----+--------+
         Total |   4587 |   4459 |    128 |      2 |   3008 |   8 |  573.4 |
       Dungeon |   4177 |   4049 |    128 |      2 |   2853 |   6 |  696.2 |
         Abyss |    137 |    137 |      0 |      0 |     64 |   1 |  137.0 |
       Ossuary |    273 |    273 |      0 |      0 |     91 |   1 |  273.0 |
               +--------+--------+--------+--------+--------+-----+--------+

Top non-repeatable levels by time:
     D:4: 1035 daAuts
     D:5: 896 daAuts
     D:3: 880 daAuts
     D:1: 731 daAuts
     D:2: 450 daAuts
 Ossuary: 273 daAuts
     D:6: 183 daAuts
 Abyss:2: 137 daAuts
